 Dungeon Crawl Stone Soup version 0.32-a0-18-g89e19f1974 (webtiles) character file.

Game seed: 10006399748391438515

10 avis the Changeling (level 2, 14/14 HPs)
             Began as a Felid Shapeshifter on Jan 16, 2024.
             Got out of the dungeon alive.
             The game lasted 00:01:46 (333 turns).

avis the Changeling (Felid Shapeshifter)             Turns: 333, Time: 00:01:47

Health: 14/14      AC:  1    Str: 10    XL:     2   Next: 10%
Magic:  3/3        EV: 17    Int: 13    God:
Gold:   12         SH:  0    Dex: 15    Spells: 1/1 levels left
                                        Lives:  0   Deaths: 1

rFire   . .          .
                       - Unarmed
rCold   . . .        (shield unavailable)
rNeg    . . .        (body armour unavailable)
rPois   .            (helmet unavailable)
rElec   .            (cloak unavailable)
rCorr   .            (gloves unavailable)
SInv    +            (boots unavailable)
Will    .....        (no amulet)
Stlth   +            (no ring)
HPRegen 0.22/turn    (no ring)
MPRegen 0.08/turn

%: no passive effects
@: beast-form
A: beast (slay +1), very small, claws 1, fangs 3, see invisible, shaggy fur 1,
stealthy paws, no weapons or thrown items, no armour, multi-lived
a: Begin Untransformation


You escaped.
You were a hulking beast.
You visited 1 branch of the dungeon, and saw 1 of its levels.

You collected 12 gold pieces.

Inventory:

Talismans
 b - a beast talisman
 c - a flux talisman
Potions
 a - a potion of lignification


   Skills:
 - Level 1.0 Fighting
 - Level 2.6 Dodging
 - Level 3.0 Unarmed Combat
 * Level 3.2 Shapeshifting


You had one spell level left.
You didn't know any spells.
Your spell library was empty.

Dungeon Overview and Level Annotations

Branches:
Dungeon (1/15)

Altars:


Innate Abilities, Weirdness & Mutations

You are a hulking beast.
Your limbs bulge with bestial killing power. (Slay +1)
You have sharp claws.
You have razor-sharp teeth.
You have supernaturally acute eyesight. (SInv)
You are covered in fur. (AC +1)
Your paws help you pounce on unaware monsters.
You are incapable of wielding weapons or throwing items.
You cannot wear armour.
You gain extra lives every three experience levels.


Message History

You see here a +0 dagger.
You scratch the hobgoblin.
The hobgoblin is moderately wounded.
The hobgoblin hits you.
You scratch the hobgoblin.
You kill the hobgoblin!
You see here a hobgoblin corpse.
You open the door.
There is an open door here.
Found 4 poisoned darts.
You see here 4 poisoned darts.
You open the door.
An endoplasm comes into view.
Found 5 gold pieces.
A goblin comes into view. It is wielding a +0 dagger.
There is an open door here.
The endoplasm quivers.
The helpless goblin fails to defend itself.
You claw the goblin!
You kill the goblin!
You claw the endoplasm!
You kill the endoplasm!
You have reached level 2!
Found a stone staircase leading down.
You now have 12 gold pieces (gained 5).
Found a ring mail.
You see here a +0 ring mail.
An endoplasm comes into view.
The endoplasm quivers.
You scratch the endoplasm.
The endoplasm is almost dead.
The endoplasm freezes you.
You are frozen.
You claw the endoplasm!
You kill the endoplasm!
You enter the shallow water.
Moving in this stuff is going to be slow.
HP restored.
There is a staircase leading out of the dungeon here.
You have escaped!

♣♣♣♣♣♣
♣♣♣P♣.P♣♣♣♣♣♣ ≈≈
♣♣....♣..P...♣♣
≈≈≈
♣.♣.♣♣♣♣♣..h..♣♣
≈♣ ♣♣.♣♣
♣......♣ ♣.♣♣
♣.♣..♣♣♣ ♣♣.♣♣
♣♣..♣♣ ♣♣.♣
♣♣.♣♣ ♣♣♣..♣
♣..♣ ♣ ♣♣..♣♣♣
♣♣.♣ ♣♣ ♣♣.♣♣♣
♣.♣ .♣♣♣.♣♣
♣♣♣.♣


There were no monsters in sight!

Vanquished Creatures
  2 ball pythons (D:1)
  A bat (D:1)
  2 endoplasms (D:1)
  A goblin (D:1)
  A hobgoblin (D:1)
  A kobold (D:1)
8 creatures vanquished.

Notes
Turn   | Place    | Note
-------+----------+-------------------------------------------
     0 | D:1      | avis the Felid Shapeshifter began the quest for the Orb.
     0 | D:1      | Reached XP level 1. HP: 10/10 MP: 2/2
   151 | D:1      | Slain by a quokka
   151 | D:1      | Lost a life (0 lives remaining)
   237 | D:1      | Reached XP level 2. HP: 14/14 MP: 3/3
   333 | D:$      | Got out of the dungeon alive.

Illustrated notes

Levels and vault maps discovered:
D:1:      kilobyte_arrival_exit_the_forest, layout_basic, minmay_misc_feat_x,
          minmay_pentomino_z2

Skill      XL: |  1 |
---------------+----+-----
Shapeshifting  | 3 |  3.2
Fighting       | |  1.0
Dodging        | |  2.6
Unarmed Combat | |  3.0

Action                     || total
---------------------------++-------
  Melee: Unarmed           ||    17
         Bite              ||     1
   Stab: Sleeping          ||     1
 Armour: Skin              ||     4
  Dodge: Dodged            ||     7

Table legend: (Time is in decaauts)
 A = Elapsed time spent in this place.
 B = Non-inter-level travel time spent in this place.
 C = Inter-level travel time spent in this place.
 D = Time resting spent in this place.
 E = Time spent auto-exploring this place.
 F = Levels seen in this place.
 G = Mean time per level.
                   A        B        C        D        E       F      G
               +--------+--------+--------+--------+--------+-----+--------+
         Total |    334 |    309 |     25 |      0 |    135 |   1 |  334.0 |
       Dungeon |    334 |    309 |     25 |      0 |    135 |   1 |  334.0 |
               +--------+--------+--------+--------+--------+-----+--------+

Top non-repeatable levels by time:
     D:1: 334 daAuts
